 Dungeon Crawl Stone Soup version 0.19.5 (webtiles) character file.

220 Stendarr the Magician (level 5, -4/36 HPs)
             Began as a High Elf Air Elementalist on May 9, 2017.
             Slain by an ogre
             ... wielding a +0 giant spiked club
              (16 damage)
             ... on level 4 of the Dungeon.
             The game lasted 00:12:55 (2890 turns).

Stendarr the Magician (High Elf Air Elementalist)   Turns: 2890, Time: 00:12:57

Health: -4/36      AC:  2    Str:  8    XL:     5   Next: 64%
Magic:  1/13       EV: 13    Int: 18    God:
Gold:   207        SH:  0    Dex: 16    Spells: 4 memorised, 5 levels left

rFire  . . .     SeeInvis .     f - +2 dagger (elec)
rCold  . . .     Gourm    .     a - +0 robe
rNeg   . . .     Faith    .     (no shield)
rPois  .         Spirit   .     (no helmet)
rElec  .         Reflect  .     (no cloak)
rCorr  .         Harm     .     (no gloves)
MR     .....                    (no boots)
Stlth  ++........               (no amulet)
                                (no ring)
                                (no ring)

@: repel missiles
A: no striking features
a: no special abilities


You were on level 4 of the Dungeon.
You were not hungry.

You visited 1 branch of the dungeon, and saw 4 of its levels.

You collected 207 gold pieces.

Inventory:

Hand Weapons
 f - a +2 dagger of electrocution (weapon)
Armour
 a - a +0 robe (worn)
Wands
 q - a wand of random effects (20/48)
Scrolls
 g - 2 scrolls of fog {unknown}
 i - 3 scrolls of identify {unknown}
 k - a scroll of blinking {unknown}
 l - 3 scrolls of amnesia {unknown}
 o - a scroll of recharging {unknown}
 p - a scroll of enchant weapon {unknown}
 u - a scroll of noise {unknown}
 v - 3 scrolls of enchant armour {unknown}
 w - a scroll of fear {unknown}
 x - 3 scrolls of remove curse {unknown}
Potions
 d - a potion of lignification {unknown}
 e - a potion of flight {unknown}
 n - a potion of ambrosia {unknown}
 r - a potion of invisibility {unknown}
 s - 2 potions of cancellation {unknown}
 t - a potion of heal wounds {unknown}
Books
 b - a book of Air

   Spells                             Type                      Level
   a - Shock                          Conjuration/Air              1
   b - Swiftness                      Charms/Air                   2
   c - Repel Missiles                 Charms/Air                   2
   d - Static Discharge               Conjuration/Air              3
   e - Lightning Bolt                 Conjuration/Air              5
Comestibles
 c - 4 bread rations
 h - 3 slices of pizza
 j - 5 fruits
 m - a chunk of flesh


   Skills:
 + Level 2.8 Fighting
 - Level 2.1 Dodging
 - Level 2.1 Stealth
 * Level 4.9 Spellcasting
 + Level 1.3 Conjurations
 + Level 4.7 Air Magic


You had 5 spell levels left.
You knew the following spells:

 Your Spells              Type           Power        Failure   Level  Hunger
a - Shock                 Conj/Air       ###.         4%          1    None
b - Repel Missiles        Chrm/Air       ##....       10%         2    #......
c - Swiftness             Chrm/Air       ##......     10%         2    #......
d - Static Discharge      Conj/Air       ###.....     14%         3    ###....


Dungeon Overview and Level Annotations

Branches:
Dungeon (4/15)
 Temple: D:4-7

Altars:
Cheibriados
Dithmenos
Uskayaw
Vehumet

Annotations:
D:3 Frank's ghost, amateur GrFi


Message History

The lightning grounds out.
The ogre hits you with a giant spiked club!
The howler monkey barely misses you.
Casting: Static Discharge
Confirm with . or Enter, or press ? or * to list all spells.
The howler monkey is struck by lightning.
The howler monkey is severely wounded.
The lightning arcs!
You are struck by lightning.
The lightning grounds out.
The howler monkey closely misses you. The ogre barely misses you.
Unknown command.
Casting: Static Discharge
Confirm with . or Enter, or press ? or * to list all spells.
The ogre is struck by lightning.
The ogre is almost dead.
The lightning arcs!
You are struck by lightning.
The lightning grounds out.
The howler monkey is struck by lightning.
You kill the howler monkey!
The lightning grounds out.
The ogre hits you with a giant spiked club!
You die...

######### #.......#
#.......# #.......#
#.......# #......@#
<...... #.....O.#
#....... #.......#
#....... #....$$.###
##.......
#..........###$.......
.........#............
.#####.................
.................#######
...#......<.####........


You could see an ogre.

Vanquished Creatures
  A howler monkey (D:4)
  9 adders
  2 oozes
  A worm (D:2)
  3 dart slugs (D:1)
  3 leopard geckos (D:1)
  7 orcs (D:3)
  5 bats
  6 giant cockroaches
  10 goblins
  3 hobgoblins
  4 jackals
  4 kobolds
  2 quokkas (D:3)
  6 frilled lizards
  7 rats
73 creatures vanquished.

Notes
Turn   | Place    | Note
-------+----------+-------------------------------------------
     0 | D:1      | Stendarr the High Elf Air Elementalist began the quest for the Orb.
     0 | D:1      | Reached XP level 1. HP: 11/11 MP: 4/4
     2 | D:1      | Noticed a demigod
     2 | D:1      | Noticed a draconian
     4 | D:1      | Noticed a demonspawn
     4 | D:1      | Noticed a felid
     6 | D:1      | Noticed an elf
     6 | D:1      | Noticed a tengu
     8 | D:1      | Noticed a gargoyle
     8 | D:1      | Noticed a ghoul
    10 | D:1      | Noticed a naga
    12 | D:1      | Noticed a human
    12 | D:1      | Noticed a vampire
    14 | D:1      | Noticed an octopode
    14 | D:1      | Noticed a merfolk
    16 | D:1      | Noticed a vine stalker
    18 | D:1      | Noticed a dwarf
    20 | D:1      | Noticed a troll
    20 | D:1      | Noticed an ogre
    22 | D:1      | Noticed a formicid
    22 | D:1      | Noticed a spriggan
    24 | D:1      | Noticed a minotaur
    24 | D:1      | Noticed a halfling
    26 | D:1      | Noticed a centaur
   168 | D:1      | Reached skill level 1 in Fighting
   237 | D:1      | Reached XP level 2. HP: 18/18 MP: 4/6
   617 | D:1      | Reached XP level 3. HP: 17/23 MP: 4/8
  1173 | D:2      | Learned a level 2 spell: Repel Missiles
  1176 | D:2      | Learned a level 2 spell: Swiftness
  1180 | D:2      | Learned a level 3 spell: Static Discharge
  1302 | D:2      | Reached XP level 4. HP: 29/29 MP: 5/10
  1793 | D:3      | Noticed Frank's ghost (amateur GrFi)
  2211 | D:3      | Found a snail-covered altar of Cheibriados.
  2214 | D:3      | Found a hide-covered altar of Uskayaw.
  2226 | D:3      | Found a shadowy altar of Dithmenos.
  2229 | D:3      | Found a radiant altar of Vehumet.
  2263 | D:3      | Reached XP level 5. HP: 35/35 MP: 8/12
  2857 | D:4      | Noticed an ogre
  2890 | D:4      | Slain by an ogre

Skill      XL: |  1  2  3  4 |
---------------+-------------+-----
Fighting       | 1 2 |  2.8
Spellcasting   | 3 4 |  4.9
Air Magic      | 4 |  4.7
Dodging        | |  2.1
Stealth        | |  2.1
Conjurations   | |  1.3

Action                   |  1- 3 |  4- 6 || total
-------------------------+-------+-------++-------
Melee: Dagger            |    23 |    46 ||    69
 Cast: Shock             |    51 |    43 ||    94
       Repel Missiles    |     1 |       ||     1
       Static Discharge  |       |     3 ||     3
 Stab: Sleeping          |     3 |     2 ||     5
       Distracted        |     1 |     1 ||     2
  Eat: Chunk             |     1 |     5 ||     6
Armor: Robe              |    11 |     8 ||    19
Dodge: Dodged            |    23 |    44 ||    67
